 Dungeon Crawl Stone Soup version 0.26-a0-812-g31a745ddcd (webtiles) character file.

Game seed: 7924371382259722417

24 Lanoc the Chiller (level 2, -4/13 HPs)
             Began as a Spriggan Ice Elementalist on Nov 29, 2020.
             Slain by a worm (10 damage)
             ... on level 3 of the Dungeon.
             The game lasted 00:01:08 (851 turns).

Lanoc the Chiller (Spriggan Ice Elementalist)        Turns: 851, Time: 00:01:08

Health: -4/13      AC:  2    Str:  4    XL:     2   Next: 79%
Magic:  3/6        EV: 19    Int: 16    God:
Gold:   29         SH:  0    Dex: 16    Spells: 5/6 levels left

rFire    . . .     SeeInvis +   (weapon restricted)
rCold    . . .     Faith    .   (shield restricted)
rNeg     . . .     Spirit   .   a - +0 robe
rPois    .         Reflect  .   (helmet restricted)
rElec    .         Harm     .   (no cloak)
rCorr    .         Rampage  .   (gloves unavailable)
MR       .....                  (boots unavailable)
Stlth    ++........             (no amulet)
HPRegen  0.04/turn              (no ring)
MPRegen  0.10/turn              (no ring)

@: very quick
A: very small, unfitting armour, see invisible, speed 3
a: no special abilities


You were on level 3 of the Dungeon.
You visited 1 branch of the dungeon, and saw 3 of its levels.

You collected 29 gold pieces.

Inventory:

Armour
 a - a +0 robe (worn)
Scrolls
 b - a scroll of teleportation {unknown}
 c - a scroll of magic mapping {unknown}
 d - a scroll of noise {unknown}
 e - 3 scrolls of remove curse {unknown}


   Skills:
 + Level 3.7 Dodging
 - Level 3.0 Stealth
 - Level 2.6 Spellcasting
 * Level 3.8 Ice Magic


You had 5 spell levels left.
You knew the following spells:

 Your Spells              Type           Power        Failure   Level
a - Freeze                Ice            ##..         4%          1

Your spell library contained the following spells:

 Spells                   Type           Power        Failure   Level
 Frozen Ramparts          Ice            ##....       12%         3
 Ozocubu's Armour         Ice            ##......     12%         3
 Hailstorm                Conj/Ice       #.......     65%         4
 Summon Ice Beast         Ice/Summ       #.......     65%         4


Dungeon Overview and Level Annotations

Branches:
Dungeon (3/15)

Altars:


Innate Abilities, Weirdness & Mutations

You are very small and have problems with some larger weapons.
You are too small for most types of armour.
You have supernaturally acute eyesight. (SInv)
You cover ground extremely quickly.


Message History

You freeze the worm.
The worm is moderately wounded.
Casting: Freeze (safe; 4% risk of failure)
Confirm with . or Enter, or press ? or * to list all spells.
Aiming: Freeze (safe; 4% risk of failure)
Press: ? - help, Shift-Dir - straight line, f/p - worm
Aim: a worm (moderately wounded)
You freeze the worm.
The worm is heavily wounded.
The worm bites you.
Casting: Freeze (safe; 4% risk of failure)
Confirm with . or Enter, or press ? or * to list all spells.
Aiming: Freeze (safe; 4% risk of failure)
Press: ? - help, Shift-Dir - straight line, f/p - worm
Aim: a worm (moderately wounded)
You freeze the worm.
The worm is heavily wounded.
The worm bites you!
Ouch! That really hurt!
You die...

##### #.. .###### ##
### ♣.♣ ..#.. ...
#.. ♣♣♣.♣♣♣♣...##.#.
#..♣♣PP.PP♣♣........
#.♣♣PP...PP♣♣†?.....
#.♣♣P.....P♣♣......#
#..@w..⌠........##.#
#<♣♣P.....P♣♣$.##
#.♣♣PP...PP♣♣.....
#..♣♣PP.PP♣♣...###..
#..♣♣♣♣.♣♣♣♣...#
#### ♣.♣ ..... #..
.#..... #### #.####


You could see a worm.

Vanquished Creatures
  A worm (D:2)
  A dart slug (D:3)
  A ball python (D:2)
  4 bats
  A giant cockroach (D:2)
  A goblin (D:2)
  2 hobgoblins (D:2)
  2 jackals (D:2)
  A kobold (D:2)
  A quokka (D:2)
  A rat (D:2)
16 creatures vanquished.

Vanquished Creatures (others)
  A frilled lizard (D:3)
1 creature vanquished.

Grand Total: 17 creatures vanquished

Notes
Turn   | Place    | Note
-------+----------+-------------------------------------------
     0 | D:1      | Lanoc the Spriggan Ice Elementalist began the quest for the
                  | Orb.
     0 | D:1      | Reached XP level 1. HP: 9/9 MP: 5/5
   201 | D:2      | Reached XP level 2. HP: 11/13 MP: 1/6
   851 | D:3      | Slain by a worm

Illustrated notes

Levels and vault maps discovered:
D:1:      dpeg_arrival_snail, layout_rooms
D:2:      minmay_alternating_diamond, layout_rooms, kennysheep_okawaru_gauntlet
D:3:      layout_rooms, lemuel_round_altar, serial_forest,
          infiniplex_forest_lined_corner, infiniplex_forest_fountain,
          infiniplex_forest_join, infiniplex_forest_clump_cross,
          infiniplex_forest_end_double, infiniplex_forest_end_2,
          nicolae_gozag_zags_fifth_avenue

Action                   || total
-------------------------++-------
Melee: Unarmed           ||     5
 Cast: Freeze            ||    36
Armor: Robe              ||     2
Dodge: Dodged            ||    31

Table legend: (Time is in decaauts)
 A = Elapsed time spent in this place.
 B = Non-inter-level travel time spent in this place.
 C = Inter-level travel time spent in this place.
 D = Time resting spent in this place.
 E = Time spent auto-exploring this place.
 F = Levels seen in this place.
 G = Mean time per level.
                   A        B        C        D        E       F      G
               +--------+--------+--------+--------+--------+-----+--------+
         Total |    762 |    762 |      0 |     54 |    597 |   3 |  254.0 |
       Dungeon |    762 |    762 |      0 |     54 |    597 |   3 |  254.0 |
               +--------+--------+--------+--------+--------+-----+--------+

Top non-repeatable levels by time:
     D:2: 664 daAuts
     D:3: 54 daAuts
     D:1: 42 daAuts
